 Dungeon Crawl Stone Soup version 0.20-a0-449-g96be121 (webtiles) character file.

4958 DevlanMud the Spear-Bearer (level 10, -7/77 HPs)
             Began as a Formicid Hunter on Jan 6, 2017.
             Was a High Priest of Okawaru.
             Mangled by a two-headed ogre
             ... wielding a +0 giant club
              (19 damage)
             ... on level 9 of the Dungeon on Jan 7, 2017.
             The game lasted 00:26:45 (10820 turns).

DevlanMud the Spear-Bearer (Formicid Hunter)       Turns: 10820, Time: 00:26:45

Health: -7/77      AC: 19    Str: 20    XL:     10   Next: 82%
Magic:  17/17      EV:  7    Int: 11    God:    Okawaru [*****.]
Gold:   648        SH:  6    Dex: 11    Spells: 5/9 levels left

rFire  . . .     SeeInvis +     b - +2 trident (pierce)
rCold  + . .     Gourm    .     u - +0 plate armour
rNeg   . . .     Faith    .     z - +0 buckler
rPois  .         Spirit   .     (helmet unavailable)
rElec  .         Reflect  +     x - +0 cloak
rCorr  .         Harm     .     (no gloves)
MR     +....                    h - +0 pair of boots
Stlth  ..........               m - +2 amulet of reflection
                                y - ring of flight
                                t - ring of protection from cold

@: no status effects
A: permanent stasis, dig shafts and tunnels, four strong arms, antennae 3,
yellow scales 1, high mp 1, shaggy fur 1
a: Dig, Shaft Self, Heroism, Finesse, Renounce Religion, Evoke Flight


You were on level 9 of the Dungeon.
You worshipped Okawaru.
Okawaru was extremely pleased with you.
You were not hungry.

You visited 1 branch of the dungeon, and saw 9 of its levels.
You also visited: Sewer.

You collected 648 gold pieces.

Inventory:

Hand Weapons
 a - a +1 arbalest of velocity
 b - a +2 trident of piercing (weapon)
Missiles
 d - 79 bolts
Armour
 h - a +0 pair of boots (worn)
 u - a +0 plate armour (worn)
 x - a +0 cloak (worn)
 z - a +0 buckler (worn)
Jewellery
 m - a +2 amulet of reflection (around neck)
 t - a ring of protection from cold (left hand)
 y - a ring of flight (right hand)
Wands
 l - a wand of clouds (3/9)
Scrolls
 e - 2 scrolls of enchant armour
 g - 8 scrolls of identify
 j - 5 scrolls of remove curse
 w - a scroll of random uselessness {unknown}
 A - a scroll of enchant weapon {unknown}
 D - a scroll of acquirement {unknown}
 E - a scroll of immolation {unknown}
Potions
 k - 4 potions of curing
 n - 2 potions of flight
 o - 2 potions of might
 p - 2 potions of brilliance
 r - a potion of cure mutation
 s - a potion of agility
 B - a potion of cancellation
Comestibles
 c - 5 fruits
 f - 4 bread rations
 i - 2 meat rations
 v - 2 beef jerkies
 C - 2 chunks of flesh
 F - a slice of pizza


   Skills:
 + Level 6.5 Fighting
 * Level 9.9 Polearms
 - Level 4.0 Crossbows
 + Level 7.4 Armour
 + Level 1.7 Dodging
 - Level 1.2 Stealth
 - Level 4.0 Shields
 + Level 7.3 Invocations


You had 5 spell levels left.
You knew the following spells:

 Your Spells              Type           Power        Failure   Level  Hunger
a - Animate Skeleton      Necr           N/A          100%        1    ##.....
b - Apportation           Tloc           #.........   100%        1    ##.....
c - Repel Missiles        Chrm/Air       #.....       100%        2    ###....


Dungeon Overview and Level Annotations

Branches:
Dungeon (9/15)             Temple (0/1) D:4            Lair (0/6) D:8
    Orc: D:9-12

Altars:
Ashenzari
Cheibriados
Elyvilon
Fedhas
Gozag
Hepliaklqana
Nemelex Xobeh
Okawaru
Qazlal
Sif Muna
Trog
Uskayaw
Vehumet
The Shining One


Innate Abilities, Weirdness & Mutations

You cannot be hasted, slowed, berserked, paralysed or teleported.
You can dig through walls and to a lower floor.
Your four strong arms can wield two-handed weapons with a shield.
You have a pair of large antennae on your head. (SInv)
You are partially covered in yellow scales. (AC +2)
You have an increased reservoir of magic. (+10% MP)
You are covered in fur. (AC +1)


Message History

The two-headed ogre is heavily wounded.
The two-headed ogre hits you with a giant club!
* * * LOW HITPOINT WARNING * * *
The two-headed ogre hits you with a giant club!
* * * LOW HITPOINT WARNING * * *
You hit the two-headed ogre but do no damage.
The two-headed ogre is heavily wounded.
The two-headed ogre hits you with a giant club!
* * * LOW HITPOINT WARNING * * *
The two-headed ogre hits you but does no damage.
You barely miss the two-headed ogre.
The two-headed ogre is heavily wounded.
You hit the two-headed ogre.
The two-headed ogre is severely wounded.
The two-headed ogre hits you but does no damage. x2
You feel much better.
The two-headed ogre hits you with a giant club!
* * * LOW HITPOINT WARNING * * *
The two-headed ogre hits you with a giant club!!
You die...

#.# #<# #.#
#.# # #
##.###.#.#
#.##...#....#
#....#......#
####...#...##
##.###.....
#.# ######
#@# #.O......
########. { {


You could see a two-headed ogre.

Vanquished Creatures
  Maurice (D:8)
  Joseph (D:8)
  An elephant (D:8)
  2 hippogriffs
  Sigmund (D:3)
  A basilisk (D:8)
  Menkaure (D:7)
  A water moccasin (D:7)
  2 orc warriors (D:5)
  2 black bears
  3 ogres
  A phantom (D:8)
  2 centaurs
  A crocodile (D:8)
  A big kobold (Sewer)
  2 bullfrogs (D:7)
  2 scorpions
  4 killer bees (D:8)
  2 crimson imps (D:5)
  A quasit (D:7)
  A hound (D:4)
  A bullfrog skeleton (D:6)
  2 centaur skeletons
  4 orc priests
  3 jellies
  22 orc wizards
  2 iguanas (D:4)
  5 worker ants
  A killer bee zombie (D:5)
  A hound zombie (D:6)
  A hound skeleton (D:5)
  2 worker ant zombies
  15 gnolls
  8 adders
  2 river rats (Sewer)
  2 shadow imps (D:5)
  An adder skeleton (D:5)
  3 worms
  3 dart slugs
  3 leopard geckos
  35 orcs
  10 giant cockroaches
  12 hobgoblins
  7 jackals
  5 quokkas
  5 bats
  4 frilled lizards
  6 goblins
  16 kobolds
  A quokka zombie (D:7)
  9 rats
224 creatures vanquished.

Notes
Turn   | Place    | Note
-------+----------+-------------------------------------------
     0 | D:1      | DevlanMud the Formicid Hunter began the quest for the Orb.
     0 | D:1      | Reached XP level 1. HP: 16/16 MP: 1/1
   138 | D:1      | Reached XP level 2. HP: 20/23 MP: 2/2
   400 | D:1      | Reached skill level 1 in Armour
   819 | D:1      | Reached XP level 3. HP: 20/29 MP: 3/3
  1169 | D:1      | You fall through a shaft!
  1658 | D:2      | Reached XP level 4. HP: 8/37 MP: 4/4
  1926 | D:2      | Found an iron altar of Okawaru.
  1929 | D:2      | Became a worshipper of Warmaster Okawaru
  2374 | D:2      | Found a stormy altar of Qazlal.
  2639 | D:1      | Reached skill level 1 in Polearms
  2639 | D:1      | Reached XP level 5. HP: 9/42 MP: 5/5
  2977 | D:3      | Noticed a black bear
  2985 | D:3      | Killed a black bear
  2985 | D:3      | Reached * piety under Okawaru
  2985 | D:3      | Reached skill level 3 in Polearms
  2985 | D:3      | Reached XP level 6. HP: 38/48 MP: 6/6
  3098 | D:3      | Noticed Sigmund
  3124 | D:3      | Killed Sigmund
  3124 | D:3      | Reached skill level 4 in Polearms
  3124 | D:3      | Reached skill level 1 in Invocations
  3124 | D:3      | Reached XP level 7. HP: 50/54 MP: 6/8
  3140 | D:3      | Learned a level 1 spell: Animate Skeleton
  3142 | D:3      | Learned a level 1 spell: Apportation
  3145 | D:3      | Learned a level 2 spell: Repel Missiles
  3713 | D:3      | Found a white marble altar of Elyvilon.
  3713 | D:3      | Found a blossoming altar of Fedhas.
  3714 | D:3      | Found a shattered altar of Ashenzari.
  3716 | D:3      | Found a sparkling altar of Nemelex Xobeh.
  3717 | D:3      | Found an opulent altar of Gozag.
  3718 | D:3      | Found a snail-covered altar of Cheibriados.
  4412 | D:4      | Found a glowing drain.
  4452 | Sewer    | Entered a sewer
  4529 | Sewer    | Reached skill level 5 in Polearms
  4606 | Sewer    | Found a white marble altar of Elyvilon.
  4681 | D:4      | Found a hazy altar of Hepliaklqana.
  4846 | D:4      | Reached XP level 8. HP: 60/60 MP: 10/10
  4953 | D:4      | Reached ** piety under Okawaru
  4955 | D:4      | Found a staircase to the Ecumenical Temple.
  5076 | D:4      | Found a deep blue altar of Sif Muna.
  5415 | D:5      | Entered Level 5 of the Dungeon
  5469 | D:5      | Reached skill level 5 in Armour
  5606 | D:5      | Reached skill level 6 in Polearms
  6052 | D:5      | Gained mutation: You are partially covered in yellow scales. (AC +2) [potion of mutation]
  6052 | D:5      | Gained mutation: You have an increased reservoir of magic. (+10% MP) [potion of mutation]
  6052 | D:5      | Gained mutation: You are covered in fur. (AC +1) [potion of mutation]
  6222 | D:5      | Found a bloodstained altar of Trog.
  6704 | D:6      | Reached skill level 7 in Polearms
  6704 | D:6      | Reached XP level 9. HP: 65/67 MP: 13/13
  6845 | D:5      | Reached skill level 5 in Fighting
  6845 | D:5      | Reached skill level 5 in Invocations
  6856 | D:5      | Reached *** piety under Okawaru
  7686 | D:6      | Found a radiant altar of Vehumet.
  7771 | D:6      | Found a hide-covered altar of Uskayaw.
  7868 | D:6      | Found a glowing golden altar of the Shining One.
  8177 | D:6      | Upgraded the game from 0.20-a0-443-g0464b71 to 0.20-a0-449-g96be121
  8241 | D:7      | Noticed Menkaure
  8248 | D:7      | HP: 3/68 [Menkaure (16)]
  8249 | D:7      | Killed Menkaure
  8620 | D:7      | Reached skill level 8 in Polearms
  9304 | D:7      | Reached **** piety under Okawaru
  9418 | D:7      | Noticed a hippogriff
  9432 | D:7      | Killed a hippogriff
  9432 | D:7      | Reached XP level 10. HP: 59/76 MP: 14/16
  9493 | D:7      | Reached skill level 9 in Polearms
  9667 | D:8      | Noticed Joseph
  9689 | D:8      | Killed Joseph
  9689 | D:8      | Received a gift from Okawaru
  9955 | D:8      | Noticed Maurice
  9974 | D:8      | Killed Maurice
  9974 | D:8      | Reached skill level 1 in Shields
 10178 | D:8      | Received a gift from Okawaru
 10286 | D:8      | Noticed an elephant
 10299 | D:8      | Killed an elephant
 10412 | D:8      | Found a staircase to the Lair.
 10487 | D:8      | Reached ***** piety under Okawaru
 10803 | D:9      | Noticed a two-headed ogre
 10817 | D:9      | HP: 2/77 [two-headed ogre/giant club (8)]
 10820 | D:9      | Mangled by a two-headed ogre

Vault maps used:
D:1:      shiori_arrival_elements
D:2:      marbit_many_paths, lemuel_crystal_altar
D:3:      minitemple, first_bread, uniq_sigmund
D:4:      kb_forest_paths, kennysheep_mini, old_standard_altar,
          gup_sewer_entry_glass, kennysheep_pointless_box, glass_columns_a
D:5:      lightli_temple_of_fire
D:6:      nicolae_overflow_hidden_temple, vehumet_crystals, lemuel_round_altar,
          hex_tiny
D:7:      minmay_flawed_box, uniq_menkaure
D:8:      david_lair_generic, uniq_maurice, uniq_joseph
D:9:      overflow_temple_1_default, hangedman_fish_farm, lemuel_old_faithful
Sewer:    sewer_kobolds

Skill      XL: |  1  2  3  4  5  6  7  8  9 10 |
---------------+-------------------------------+-----
Armour         | 1 2 3 4 5 6 7 |  7.4
Fighting       | 3 4 6 |  6.5
Polearms       | 1 3 4 5 7 8 9 |  9.9
Invocations    | 1 3 4 6 7 |  7.3
Shields        | 4 |  4.0
Crossbows      | |  4.0
Dodging        | |  1.7
Stealth        | |  1.2

Action                   |  1- 3 |  4- 6 |  7- 9 | 10-12 || total
-------------------------+-------+-------+-------+-------++-------
Melee: Short sword       |   144 |     4 |       |       ||   148
       Halberd           |       |    98 |    78 |       ||   176
       Trident           |       |       |   462 |   183 ||   645
 Fire: Hand crossbow     |       |     5 |       |       ||     5
Invok: Heroism           |       |     1 |     3 |     4 ||     8
 Abil: Shaft Self        |     1 |       |       |       ||     1
       Dig               |       |       |     2 |       ||     2
  Use: Scroll            |     1 |     1 |     9 |       ||    11
       Potion            |     3 |     3 |     4 |     1 ||    11
 Stab: Sleeping          |     1 |       |       |       ||     1
  Eat: Meat ration       |     1 |       |       |       ||     1
       Chunk             |       |     3 |    20 |     5 ||    28
Armor: Leather armour    |    41 |     1 |       |       ||    42
       Skin              |    15 |       |       |       ||    15
       Ring mail         |       |    28 |     9 |       ||    37
       Scale mail        |       |       |   106 |       ||   106
       Plate armour      |       |       |    89 |    54 ||   143
Dodge: Dodged            |    92 |    59 |   200 |    31 ||   382
Block: Other             |       |       |    14 |     2 ||    16
       Reflection        |       |       |     1 |     1 ||     2
       Buckler           |       |       |       |    23 ||    23
